General information
- name: BNet
- type: Ladder team game (AT/RT)
- host: Battle.net
- saver: stonelionsprowl
map: DragonFalls
- players: 8
- length: 64:38
- speed: Fast
- version: 1.28 W3XP
- replay type: Public
» download(571 KB)
Players
team 1 (winner)
Lil-Green-Bear (
teal | 22 APM | 1449 actions | 64:38)
6 Death Knight
3 Death Coil
2 Unholy Aura
1 Animate Dead
» actions
| Assign group hotkey | 25 | |
| Basic commands | 219 | |
| Build / train | 51 | |
| Enter build submenu | 15 | |
| Enter hero's abilities submenu | 6 | |
| Remove unit from queue | 2 | |
| Right click | 594 | |
| Select / deselect | 306 | |
| Select group hotkey | 179 | |
| Use ability | 52 | |
1449 total
» units
| Acolyte | 13 | |
| Ghoul | 7 | |
| Crypt Fiend | 6 | |
| Frost Wyrm | 8 | |
34 total
» upgrades
| Creature Attack | 2 | |
| Creature Carapace | 1 | |
| Web | 1 | |
4 total
» buildings
| Crypt | 1 | |
| Altar of Darkness | 1 | |
| Ziggurat | 6 | |
| Halls of the Dead | 1 | |
| Graveyard | 1 | |
| Nerubian Tower | 1 | |
| Tomb of Relics | 1 | |
| Black Citadel | 1 | |
| Sacrificial Pit | 2 | |
| Boneyard | 2 | |
17 total
» build order
00:14 Crypt
00:33 Altar of Darkness
00:35 Ziggurat
02:22 Halls of the Dead
02:27 Graveyard
02:34 Ziggurat
02:36 Nerubian Tower
02:49 Tomb of Relics
03:34 Ziggurat
05:03 Black Citadel
05:06 Sacrificial Pit
05:09 Sacrificial Pit
07:24 Boneyard
07:26 Boneyard
07:31 Ziggurat
09:50 Ziggurat
09:52 Ziggurat
» items
hammerfd5 (
orange | 49 APM | 3166 actions | 64:38)
6 Blademaster
2 Wind Walk
3 Critical Strike
1 Bladestorm
» actions
| Assign group hotkey | 204 | |
| Basic commands | 107 | |
| Build / train | 76 | |
| Enter build submenu | 18 | |
| Enter hero's abilities submenu | 6 | |
| Give item / drop item | 9 | |
| Remove unit from queue | 2 | |
| Right click | 1417 | |
| Select / deselect | 338 | |
| Select group hotkey | 858 | |
| Use ability | 131 | |
3166 total
» units
| Peon | 15 | |
| Wind Rider | 6 | |
| Kodo Beast | 1 | |
| Raider | 15 | |
37 total
» upgrades
| Ranged Weapons | 2 | |
| Armor | 0 | |
| Ensnare | 1 | |
| Melee Weapons | 1 | |
| Shaman Training | 2 | |
| Pillage | 1 | |
7 total
» buildings
| Altar of Storms | 2 | |
| Orc Burrow | 5 | |
| Voodoo Lounge | 1 | |
| Stronghold | 2 | |
| War Mill | 1 | |
| Beastiary | 3 | |
| Spirit Lodge | 1 | |
| Fortress | 1 | |
| Great Hall | 4 | |
20 total
» build order
00:07 Altar of Storms
00:19 Orc Burrow
00:55 Voodoo Lounge
02:20 Stronghold
02:21 Stronghold
02:32 Orc Burrow
04:28 War Mill
04:45 Beastiary
04:46 Beastiary
04:49 Orc Burrow
05:11 Beastiary
08:00 Orc Burrow
14:21 Spirit Lodge
14:24 Fortress
18:39 Great Hall
31:34 Great Hall
33:21 Great Hall
34:05 Great Hall
38:24 Altar of Storms
38:30 Orc Burrow
» items
| Lesser Clarity Potion | 7 | |
| Healing Salve | 3 | |
| Boots of Speed | 1 | |
| Staff of Teleportation | 1 | |
| Circlet of Nobility | 2 | |
| Orb of Corruption | 1 | |
| Potion of Healing | 1 | |
| Orb of Lightning | 1 | |
| Dust of Appearance | 2 | |
19 total

»
el_sin_nombre_2 (
blue | 51 APM | 3274 actions | 64:38)
5 Mountain King
3 Storm Bolt
2 Bash
3 Paladin
2 Holy Light
1 Devotion Aura
2 Archmage
1 Summon Water Elemental
1 Brilliance Aura
» actions
| Assign group hotkey | 49 | |
| Basic commands | 171 | |
| Build / train | 130 | |
| ESC pressed | 1 | |
| Enter build submenu | 26 | |
| Enter hero's abilities submenu | 10 | |
| Give item / drop item | 2 | |
| Right click | 865 | |
| Select / deselect | 559 | |
| Select group hotkey | 1326 | |
| Use ability | 135 | |
3274 total
» units
| Peasant | 25 | |
| Footman | 6 | |
| Priest | 11 | |
| Knight | 8 | |
| Siege Engine | 4 | |
54 total
» upgrades
| Animal War Training | 1 | |
| Swords | 2 | |
| Plating | 1 | |
| Lumber Harvesting | 2 | |
| Priest Training | 1 | |
| Barrage | 1 | |
| Masonry | 2 | |
10 total
» buildings
| Farm | 18 | |
| Altar of Kings | 1 | |
| Scout Tower | 8 | |
| Barracks | 3 | |
| Lumber Mill | 1 | |
| Arcane Tower | 4 | |
| Blacksmith | 1 | |
| Arcane Vault | 3 | |
| Keep | 3 | |
| Town Hall | 2 | |
| Castle | 1 | |
| Arcane Sanctum | 1 | |
| Workshop | 1 | |
| Cannon Tower | 3 | |
| Guard Tower | 9 | |
59 total
» build order
01:22 Farm
01:23 Farm
01:25 Farm
01:26 Farm
01:30 Altar of Kings
01:36 Scout Tower
01:49 Barracks
02:02 Lumber Mill
02:08 Arcane Tower
02:08 Arcane Tower
02:08 Arcane Tower
02:08 Arcane Tower
02:47 Blacksmith
03:00 Arcane Vault
04:01 Keep
04:01 Keep
04:01 Keep
04:43 Town Hall
04:56 Town Hall
06:22 Scout Tower
06:33 Castle
07:11 Arcane Sanctum
07:15 Workshop
09:31 Scout Tower
09:35 Cannon Tower
09:35 Cannon Tower
10:05 Guard Tower
10:05 Guard Tower
10:28 Barracks
12:08 Barracks
12:41 Farm
12:42 Farm
12:43 Farm
12:44 Farm
14:44 Arcane Vault
15:10 Farm
15:12 Farm
15:13 Farm
15:52 Scout Tower
15:52 Scout Tower
17:40 Cannon Tower
18:11 Arcane Vault
19:40 Farm
19:41 Farm
19:42 Farm
21:31 Farm
21:32 Farm
21:33 Farm
21:34 Farm
22:35 Scout Tower
22:39 Scout Tower
22:39 Scout Tower
23:10 Guard Tower
23:10 Guard Tower
23:10 Guard Tower
23:10 Guard Tower
23:12 Guard Tower
23:12 Guard Tower
23:12 Guard Tower
» items
| Scroll of Regeneration | 4 | |
| Lesser Clarity Potion | 4 | |
| Potion of Healing | 4 | |
| Scroll of Town Portal | 2 | |
| Potion of Lesser Invulnerability | 1 | |
| Orb of Fire | 1 | |
16 total
stonelionsprowl (
pink | 116 APM | 7527 actions | 64:38)
7 Archmage
3 Summon Water Elemental
3 Brilliance Aura
1 Mass Teleport
5 Mountain King
3 Storm Bolt
2 Bash
5 Goblin Alchemist
3 Chemical Rage
2 Acid Bomb
» actions
| Assign group hotkey | 128 | |
| Basic commands | 524 | |
| Build / train | 235 | |
| ESC pressed | 7 | |
| Enter build submenu | 64 | |
| Enter hero's abilities submenu | 18 | |
| Give item / drop item | 6 | |
| Remove unit from queue | 1 | |
| Right click | 2244 | |
| Select / deselect | 1179 | |
| Select group hotkey | 2584 | |
| Use ability | 537 | |
7527 total
» units
| Peasant | 10 | |
| Footman | 4 | |
| Rifleman | 7 | |
| Goblin Shredder | 2 | |
| Priest | 10 | |
| Sorceress | 10 | |
| Spell Breaker | 3 | |
| Goblin Zeppelin | 5 | |
| Flying Machine | 3 | |
| Green Dragon | 2 | |
| Siege Engine | 2 | |
| Mortar Team | 1 | |
| Dragonhawk Rider | 1 | |
| Gryphon Rider | 1 | |
61 total
» upgrades
| Gunpowder | 3 | |
| Masonry | 4 | |
| Armor | 3 | |
| Sorceress Training | 3 | |
| Priest Training | 2 | |
| Plating | 3 | |
| Swords | 3 | |
| Lumber Harvesting | 1 | |
| Control Magic | 1 | |
| Long Rifles | 1 | |
| Storm Hammers | 1 | |
| Cloud | 1 | |
| Magic Sentry | 1 | |
| Animal War Training | 1 | |
| Flak Cannons | 1 | |
| Barrage | 1 | |
| Fragmentation Shards | 1 | |
| Flare | 1 | |
| Flying Machine Bombs | 1 | |
| Defend | 1 | |
34 total
» buildings
| Altar of Kings | 1 | |
| Barracks | 2 | |
| Farm | 13 | |
| Arcane Vault | 2 | |
| Lumber Mill | 1 | |
| Keep | 2 | |
| Blacksmith | 1 | |
| Town Hall | 3 | |
| Castle | 3 | |
| Scout Tower | 30 | |
| Arcane Tower | 13 | |
| Guard Tower | 37 | |
| Arcane Sanctum | 2 | |
| Gryphon Aviary | 4 | |
| Workshop | 3 | |
117 total
» build order
00:50 Altar of Kings
00:52 Barracks
00:57 Farm
01:04 Farm
01:09 Farm
01:47 Arcane Vault
02:01 Lumber Mill
03:26 Keep
03:26 Keep
03:43 Blacksmith
04:07 Town Hall
05:00 Farm
06:10 Castle
06:10 Castle
06:10 Castle
06:44 Scout Tower
06:45 Scout Tower
07:21 Arcane Tower
07:22 Guard Tower
09:41 Arcane Sanctum
10:38 Arcane Sanctum
10:40 Farm
10:42 Scout Tower
10:45 Farm
11:21 Guard Tower
11:21 Guard Tower
11:21 Guard Tower
11:24 Farm
11:25 Scout Tower
11:26 Farm
11:31 Farm
11:55 Guard Tower
11:55 Guard Tower
15:52 Gryphon Aviary
15:53 Gryphon Aviary
16:35 Scout Tower
16:36 Scout Tower
16:37 Scout Tower
16:41 Scout Tower
17:12 Guard Tower
17:12 Guard Tower
17:42 Scout Tower
17:43 Scout Tower
17:44 Guard Tower
17:44 Guard Tower
17:50 Scout Tower
17:51 Scout Tower
18:58 Guard Tower
18:58 Guard Tower
19:41 Barracks
20:18 Scout Tower
20:20 Scout Tower
21:50 Arcane Tower
21:50 Arcane Tower
22:17 Farm
22:19 Farm
25:19 Town Hall
25:20 Scout Tower
25:21 Scout Tower
25:22 Scout Tower
25:26 Scout Tower
25:29 Scout Tower
25:29 Scout Tower
25:30 Scout Tower
25:32 Scout Tower
25:45 Farm
25:47 Gryphon Aviary
25:48 Gryphon Aviary
25:51 Arcane Tower
25:51 Arcane Tower
25:52 Guard Tower
25:52 Guard Tower
25:52 Guard Tower
26:20 Arcane Tower
26:20 Arcane Tower
26:21 Guard Tower
26:21 Guard Tower
26:21 Guard Tower
26:21 Guard Tower
26:22 Guard Tower
26:22 Guard Tower
26:22 Guard Tower
26:49 Arcane Tower
26:49 Arcane Tower
30:53 Workshop
30:54 Workshop
30:56 Workshop
32:18 Arcane Vault
34:51 Town Hall
35:01 Scout Tower
35:01 Scout Tower
35:05 Scout Tower
35:06 Scout Tower
35:28 Scout Tower
35:29 Scout Tower
35:36 Scout Tower
35:39 Scout Tower
35:43 Guard Tower
35:43 Guard Tower
35:44 Guard Tower
35:44 Guard Tower
35:44 Guard Tower
35:45 Arcane Tower
35:45 Arcane Tower
35:46 Guard Tower
35:46 Guard Tower
35:46 Guard Tower
36:07 Arcane Tower
36:08 Arcane Tower
36:09 Guard Tower
36:10 Guard Tower
36:10 Guard Tower
36:12 Guard Tower
36:12 Guard Tower
36:13 Guard Tower
36:13 Guard Tower
49:25 Farm
» items
| Scroll of Regeneration | 7 | |
| Mechanical Critter | 7 | |
| Boots of Speed | 2 | |
| Staff of Sanctuary | 1 | |
| Scroll of Town Portal | 3 | |
| Potion of Healing | 6 | |
| Orb of Fire | 2 | |
| Lesser Clarity Potion | 2 | |
| Periapt of Vitality | 2 | |
| Potion of Lesser Invulnerability | 3 | |
| Scroll of Protection | 1 | |
| Circlet of Nobility | 2 | |
| Staff of Teleportation | 1 | |
39 total
team 2 (loser)
hjd999 (
red | 81 APM | 2084 actions | 25:39)
4 Crypt Lord
2 Carrion Beetles
1 Impale
1 Spiked Carapace
4 Death Knight
2 Death Coil
2 Unholy Aura
3 Lich
2 Frost Nova
1 Dark Ritual
» actions
| Assign group hotkey | 11 | |
| Basic commands | 473 | |
| Build / train | 83 | |
| Enter build submenu | 12 | |
| Enter hero's abilities submenu | 11 | |
| Give item / drop item | 5 | |
| Remove unit from queue | 1 | |
| Right click | 364 | |
| Select / deselect | 769 | |
| Select group hotkey | 238 | |
| Use ability | 117 | |
2084 total
» units
| Acolyte | 9 | |
| Ghoul | 7 | |
| Meatwagon | 5 | |
| Necromancer | 11 | |
| Crypt Fiend | 8 | |
| Obsidian Statue | 4 | |
44 total
» upgrades
| Exhume Corpses | 1 | |
| Web | 1 | |
| Necromancer Training | 2 | |
| Skeletal Longevity | 1 | |
| Unholy Strength | 1 | |
| Skeletal Mastery | 1 | |
| Disease Cloud | 1 | |
| Unholy Armor | 2 | |
| Creature Attack | 2 | |
| Destroyer Form | 1 | |
| Creature Carapace | 2 | |
15 total
» buildings
| Crypt | 1 | |
| Altar of Darkness | 1 | |
| Ziggurat | 6 | |
| Nerubian Tower | 1 | |
| Halls of the Dead | 4 | |
| Graveyard | 1 | |
| Tomb of Relics | 1 | |
| Slaughterhouse | 1 | |
| Temple of the Damned | 1 | |
| Black Citadel | 1 | |
18 total
» build order
00:07 Crypt
00:10 Altar of Darkness
00:15 Ziggurat
01:10 Nerubian Tower
02:16 Halls of the Dead
02:16 Halls of the Dead
02:17 Halls of the Dead
02:26 Graveyard
02:54 Ziggurat
03:11 Tomb of Relics
04:57 Slaughterhouse
05:21 Temple of the Damned
05:27 Ziggurat
05:42 Ziggurat
08:57 Black Citadel
09:37 Ziggurat
15:04 Ziggurat
» items
GenmaHimuro (
yellow | 65 APM | 3556 actions | 54:39)
7 Blademaster
3 Wind Walk
3 Critical Strike
1 Bladestorm
» actions
| Assign group hotkey | 418 | |
| Basic commands | 11 | |
| Build / train | 111 | |
| ESC pressed | 11 | |
| Enter build submenu | 37 | |
| Enter hero's abilities submenu | 7 | |
| Give item / drop item | 10 | |
| Right click | 1744 | |
| Select / deselect | 319 | |
| Select group hotkey | 513 | |
| Use ability | 375 | |
3556 total
» units
» upgrades
» buildings
| Altar of Storms | 1 | |
| Orc Burrow | 5 | |
| Voodoo Lounge | 1 | |
| War Mill | 1 | |
| Watch Tower | 22 | |
| Stronghold | 2 | |
| Fortress | 1 | |
| Beastiary | 3 | |
| Great Hall | 2 | |
38 total
» build order
00:18 Altar of Storms
00:21 Orc Burrow
00:55 Voodoo Lounge
01:13 War Mill
03:15 Watch Tower
03:15 Watch Tower
04:18 Stronghold
04:18 Stronghold
04:22 Watch Tower
04:23 Watch Tower
05:24 Orc Burrow
05:26 Orc Burrow
09:13 Fortress
11:12 Orc Burrow
11:31 Beastiary
11:33 Beastiary
11:35 Beastiary
11:36 Orc Burrow
12:04 Watch Tower
12:09 Watch Tower
12:12 Watch Tower
18:43 Great Hall
18:45 Watch Tower
18:45 Watch Tower
18:46 Watch Tower
18:46 Watch Tower
18:46 Watch Tower
18:47 Watch Tower
19:34 Great Hall
19:37 Watch Tower
19:37 Watch Tower
19:38 Watch Tower
19:40 Watch Tower
19:40 Watch Tower
20:45 Watch Tower
20:47 Watch Tower
21:29 Watch Tower
21:30 Watch Tower
» items
| Healing Salve | 4 | |
| Lesser Clarity Potion | 14 | |
| Scroll of Speed | 7 | |
| Circlet of Nobility | 1 | |
| Scroll of Regeneration | 1 | |
| Boots of Speed | 1 | |
| Staff of Teleportation | 1 | |
| Dust of Appearance | 4 | |
| Potion of Mana | 19 | |
| Potion of Healing | 4 | |
| Potion of Lesser Invulnerability | 16 | |
| Orb of Lightning | 3 | |
| Scroll of Healing | 1 | |
76 total

»
p3n1s (
purple | 45 APM | 2205 actions | 48:43)
6 Mountain King
3 Storm Bolt
1 Bash
1 Thunder Clap
1 Avatar
» actions
| Assign group hotkey | 63 | |
| Basic commands | 10 | |
| Build / train | 142 | |
| ESC pressed | 26 | |
| Enter build submenu | 61 | |
| Enter hero's abilities submenu | 6 | |
| Give item / drop item | 3 | |
| Right click | 1004 | |
| Select / deselect | 458 | |
| Select group hotkey | 261 | |
| Use ability | 171 | |
2205 total
» units
| Peasant | 31 | |
| Footman | 9 | |
| Flying Machine | 13 | |
| Knight | 9 | |
| Rifleman | 8 | |
| Mortar Team | 1 | |
71 total
» upgrades
| Plating | 1 | |
| Lumber Harvesting | 2 | |
| Swords | 1 | |
| Gunpowder | 2 | |
| Masonry | 2 | |
| Flak Cannons | 1 | |
| Flying Machine Bombs | 1 | |
| Animal War Training | 1 | |
| Fragmentation Shards | 1 | |
| Armor | 2 | |
14 total
» buildings
| Barracks | 4 | |
| Altar of Kings | 2 | |
| Farm | 12 | |
| Scout Tower | 22 | |
| Arcane Tower | 6 | |
| Arcane Vault | 2 | |
| Keep | 3 | |
| Blacksmith | 2 | |
| Lumber Mill | 4 | |
| Town Hall | 5 | |
| Workshop | 2 | |
| Guard Tower | 8 | |
| Castle | 2 | |
74 total
» build order
00:09 Barracks
00:16 Altar of Kings
00:25 Farm
01:07 Farm
01:37 Farm
01:52 Farm
02:19 Scout Tower
02:54 Arcane Tower
02:59 Arcane Vault
04:11 Keep
04:16 Blacksmith
04:23 Lumber Mill
05:37 Town Hall
06:40 Scout Tower
06:57 Workshop
07:49 Guard Tower
08:37 Castle
08:40 Farm
11:04 Farm
12:17 Barracks
12:21 Workshop
12:25 Scout Tower
12:38 Scout Tower
13:09 Guard Tower
15:22 Lumber Mill
15:32 Scout Tower
15:43 Lumber Mill
16:37 Scout Tower
16:40 Guard Tower
18:47 Guard Tower
20:08 Farm
20:09 Farm
20:25 Scout Tower
21:43 Scout Tower
21:44 Guard Tower
24:03 Town Hall
27:53 Town Hall
29:50 Town Hall
31:33 Farm
33:14 Farm
33:16 Farm
34:17 Town Hall
34:24 Barracks
34:29 Barracks
34:32 Blacksmith
35:11 Keep
35:11 Keep
35:49 Scout Tower
35:51 Scout Tower
36:56 Arcane Tower
37:01 Lumber Mill
37:04 Scout Tower
37:05 Scout Tower
37:06 Scout Tower
37:53 Arcane Tower
38:50 Scout Tower
38:53 Scout Tower
38:58 Scout Tower
39:00 Altar of Kings
39:06 Scout Tower
39:24 Arcane Vault
39:31 Guard Tower
39:37 Guard Tower
40:32 Scout Tower
40:34 Scout Tower
40:35 Scout Tower
40:47 Castle
41:01 Arcane Tower
41:06 Arcane Tower
41:21 Arcane Tower
41:50 Scout Tower
41:55 Scout Tower
43:18 Guard Tower
44:07 Farm
» items
| Scroll of Regeneration | 5 | |
| Mechanical Critter | 3 | |
| Potion of Healing | 4 | |
| Lesser Clarity Potion | 7 | |
| Potion of Mana | 3 | |
| Scroll of Town Portal | 5 | |
| Scroll of Healing | 1 | |
| Orb of Fire | 1 | |
29 total
JaguarKing (
green | 54 APM | 3508 actions | 64:38)
8 Blademaster
3 Wind Walk
3 Critical Strike
1 Bladestorm
1 Mirror Image
4 Shadow Hunter
2 Hex
2 Healing Wave
» actions
| Assign group hotkey | 46 | |
| Basic commands | 108 | |
| Build / train | 114 | |
| Enter build submenu | 83 | |
| Enter hero's abilities submenu | 14 | |
| Give item / drop item | 9 | |
| Remove unit from queue | 2 | |
| Right click | 1356 | |
| Select / deselect | 647 | |
| Select group hotkey | 848 | |
| Use ability | 281 | |
3508 total
» units
| Peon | 17 | |
| Grunt | 4 | |
| Goblin Shredder | 2 | |
| Goblin Zeppelin | 3 | |
| Troll Batrider | 19 | |
| Green Dragon | 2 | |
| Wind Rider | 6 | |
| Troll Witch Doctor | 1 | |
54 total
» upgrades
| Armor | 3 | |
| Troll Regeneration | 1 | |
| Reinforced Defenses | 1 | |
| Liquid Fire | 1 | |
| Ranged Weapons | 3 | |
| Spiked Barricades | 3 | |
| Envenomed Spears | 1 | |
| Ensnare | 1 | |
| Pillage | 1 | |
15 total
» buildings
| Orc Burrow | 7 | |
| Altar of Storms | 2 | |
| Barracks | 2 | |
| Voodoo Lounge | 2 | |
| Stronghold | 1 | |
| War Mill | 2 | |
| Great Hall | 5 | |
| Watch Tower | 62 | |
| Beastiary | 6 | |
| Fortress | 1 | |
| Spirit Lodge | 1 | |
91 total
» build order
00:13 Orc Burrow
01:05 Altar of Storms
01:07 Barracks
01:11 Orc Burrow
02:18 Voodoo Lounge
03:10 Stronghold
04:34 War Mill
04:43 Orc Burrow
05:09 Great Hall
05:59 Great Hall
06:14 Watch Tower
06:14 Watch Tower
06:15 Watch Tower
07:12 Beastiary
07:13 Beastiary
08:28 Beastiary
08:28 Beastiary
09:41 Fortress
09:49 Watch Tower
09:49 Watch Tower
09:51 Watch Tower
09:52 Watch Tower
12:41 War Mill
13:02 Watch Tower
13:03 Watch Tower
13:05 Watch Tower
13:05 Watch Tower
14:26 Beastiary
14:32 Beastiary
15:39 Watch Tower
15:40 Watch Tower
15:41 Watch Tower
18:08 Altar of Storms
18:43 Orc Burrow
18:45 Watch Tower
18:55 Watch Tower
18:56 Watch Tower
18:56 Watch Tower
18:57 Barracks
18:59 Watch Tower
19:00 Watch Tower
19:00 Watch Tower
21:03 Watch Tower
21:04 Watch Tower
21:05 Watch Tower
21:08 Watch Tower
25:12 Orc Burrow
25:14 Orc Burrow
26:39 Watch Tower
26:40 Watch Tower
26:41 Watch Tower
26:42 Watch Tower
27:14 Watch Tower
28:41 Great Hall
28:42 Watch Tower
28:43 Watch Tower
28:43 Watch Tower
28:50 Watch Tower
28:50 Watch Tower
28:51 Watch Tower
28:52 Watch Tower
29:35 Watch Tower
29:38 Watch Tower
30:04 Orc Burrow
30:53 Watch Tower
30:54 Watch Tower
30:57 Watch Tower
31:05 Voodoo Lounge
33:56 Spirit Lodge
40:08 Great Hall
40:11 Watch Tower
40:12 Watch Tower
40:12 Watch Tower
40:13 Watch Tower
40:16 Watch Tower
40:16 Watch Tower
40:17 Watch Tower
40:18 Watch Tower
41:19 Watch Tower
41:21 Watch Tower
45:05 Great Hall
45:09 Watch Tower
45:09 Watch Tower
45:10 Watch Tower
45:11 Watch Tower
45:16 Watch Tower
45:18 Watch Tower
45:18 Watch Tower
45:19 Watch Tower
46:33 Watch Tower
» items
| Dust of Appearance | 1 | |
| Rod of Necromancy | 1 | |
| Healing Salve | 3 | |
| Lesser Clarity Potion | 4 | |
| Scroll of Town Portal | 5 | |
| Circlet of Nobility | 1 | |
| Orb of Lightning | 1 | |
| Boots of Speed | 1 | |
| Periapt of Vitality | 1 | |
| Scroll of Protection | 2 | |
| Potion of Lesser Invulnerability | 1 | |
| Potion of Healing | 3 | |
| Staff of Teleportation | 2 | |
| Potion of Invisibility | 1 | |
27 total
Chat log
(00:29 / Allies) Lil-Green-Bear: fast frost here
(00:50 / Allies) Lil-Green-Bear: ty
(01:29 / All) GenmaHimuro: and no, im not on steroids
(01:41 / All) Lil-Green-Bear: lies
(01:51 / All) GenmaHimuro: ^_____^;
(02:15 / All) GenmaHimuro: anyone buying bitcoin?
(02:17 / Allies) Lil-Green-Bear: (oYo)
(02:25 / All) stonelionsprowl: got some a couple years ago
(02:31 / All) stonelionsprowl: and some last year
(02:36 / All) GenmaHimuro: its finally going back up some
(02:44 / All) stonelionsprowl: I love seeing the prices drop and people who bought recently bitch about it
(02:51 / All) stonelionsprowl: they took mortgaged on it and shit meanwhile I still profited
(02:57 / All) GenmaHimuro: thats because you're a miserable prick
(02:58 / All) JaguarKing: wish me bought it when it was 1 penny, 10 dollars and I'd sell that shit so fast
(03:05 / All) stonelionsprowl: LOL
(08:11 / Allies) hammerfd5: red wagns
(08:22 / Allies) hammerfd5: nec wagon
(08:44 / Allies) Lil-Green-Bear: green is there
(14:29 / Allies) el_sin_nombre_2: WOOD
(14:33 / Allies) el_sin_nombre_2: ?
(15:21 / Allies) stonelionsprowl: hit an inside base
(15:23 / Allies) stonelionsprowl: softer and easier attacked
(15:37 / Allies) Lil-Green-Bear: green looks like a soft main
(16:53 / All) JaguarKing: teal I want you dead
(17:00 / All) Lil-Green-Bear: lol
(17:07 / All) Lil-Green-Bear: jaguar---
(17:17 / All) GenmaHimuro: mmm
(17:19 / All) GenmaHimuro: ty
(17:24 / All) Lil-Green-Bear: pshh
(17:28 / All) GenmaHimuro: XD
(18:18 / All) stonelionsprowl: nice mh
(19:01 / All) stonelionsprowl: "how did you know my heroes were there
(19:17 / All) GenmaHimuro: stfu niggers
(19:44 / All) GenmaHimuro: where u going bitch?
(19:46 / Allies) Lil-Green-Bear: wood
(19:47 / Allies) Lil-Green-Bear: ?
(20:02 / Allies) el_sin_nombre_2: meet
(20:03 / Allies) el_sin_nombre_2: ¿?
(20:03 / Allies) Lil-Green-Bear: stay with me oj
(20:20 / All) JaguarKing: nice hack faggot
(21:32 / All) GenmaHimuro: ps fuck you
(21:36 / All) stonelionsprowl: grats got 1 caster
(21:41 / All) stonelionsprowl: great bm hacker
(22:03 / Allies) Lil-Green-Bear: come
(22:08 / Allies) stonelionsprowl: hit somewhere else
(22:19 / All) GenmaHimuro: so everyone int his game is a mher
(22:24 / All) stonelionsprowl: no
(22:25 / All) stonelionsprowl: but you are
(22:27 / All) GenmaHimuro: o
(22:28 / All) GenmaHimuro: ok
(22:43 / All) JaguarKing: k faggot
(23:26 / All) Lil-Green-Bear: lol
(24:56 / All) Lil-Green-Bear: gg
(25:13 / Allies) Lil-Green-Bear: main
(26:32 / Allies) Lil-Green-Bear: oj come
(27:36 / All) GenmaHimuro: got a few that time
(28:51 / Allies) hammerfd5: we tp to pink base
(28:54 / Allies) hammerfd5: cant lose pink
(29:43 / Allies) Lil-Green-Bear: still dicking with my base
(29:44 / Allies) Lil-Green-Bear: lol
(31:50 / Allies) Lil-Green-Bear: stay with pink
(32:37 / All) JaguarKing: not in practice of using two hero
(33:06 / Allies) Lil-Green-Bear: take beastairys
(33:47 / Allies) Lil-Green-Bear: that mine out yet?
(34:43 / Allies) hammerfd5: realy
(34:46 / Allies) hammerfd5: really
(34:47 / Allies) hammerfd5: really
(34:53 / Allies) stonelionsprowl: what?
(34:54 / Allies) stonelionsprowl: what?
(34:56 / Allies) stonelionsprowl: what?
(34:59 / Allies) Lil-Green-Bear: fucked him
(35:02 / Allies) Lil-Green-Bear: by mass tele
(35:03 / Allies) stonelionsprowl: who? wtf?
(35:21 / Allies) hammerfd5: ok gj
(35:23 / Allies) hammerfd5: akf
(35:26 / Allies) hammerfd5: afk
(35:39 / Allies) Lil-Green-Bear: wait pink doesnt have mass tele
(35:43 / Allies) Lil-Green-Bear: what the fuck happened lol
(35:52 / Allies) stonelionsprowl: hacks?
(36:46 / Allies) Lil-Green-Bear: send a gyro
(36:53 / Allies) el_sin_nombre_2: more towers
(36:57 / Allies) el_sin_nombre_2: pink
(37:01 / Allies) Lil-Green-Bear: tower him up
(39:27 / Allies) Lil-Green-Bear: pink 12k gold
(39:30 / Allies) Lil-Green-Bear: ...
(42:10 / Allies) Lil-Green-Bear: damn oj get that mine
(45:18 / All) p3n1s: stupid game
(47:49 / All) p3n1s: just shows how bad you are pink
(48:04 / All) stonelionsprowl: been staying on 50 food messing with you
(48:06 / All) p3n1s: you and green can suck each other off
(48:11 / All) stonelionsprowl: I could have 100 food tanks if I wanted
(48:13 / All) p3n1s: ima afk
(48:14 / All) stonelionsprowl: I have 15k gold
(48:18 / All) p3n1s: choke each others dcks
(48:22 / All) GenmaHimuro: ^
(48:27 / All) Lil-Green-Bear: ^^
(48:37 / All) Lil-Green-Bear: im just here for the comments
(49:33 / All) JaguarKing: Yellow has hurled invective my way all game, and it hurts, I have feelings you know
(49:40 / All) JaguarKing: I need to sit here for a long while and have a think about things
(49:51 / All) Lil-Green-Bear: lol
(50:00 / All) Lil-Green-Bear: let life ponder by
(51:05 / Allies) el_sin_nombre_2: buy dragon pink
(51:16 / Allies) Lil-Green-Bear: food limit
(51:20 / Allies) el_sin_nombre_2: =0
(51:47 / Allies) Lil-Green-Bear: wtf
(51:51 / Allies) Lil-Green-Bear: he got that mine
(52:50 / All) JaguarKing: oh, was gonna bladestorm orange's thingies
(53:18 / All) stonelionsprowl: Listen up everyone
(53:29 / All) stonelionsprowl: me and green were in this together we will give you all an equal shot at victory
(53:39 / All) stonelionsprowl: we're going to kill our own armies and every unit and ability to make units
(53:43 / All) stonelionsprowl: we'll just leave buildings
(53:47 / All) stonelionsprowl: you can leave your pcs on all night for the win
(53:49 / All) stonelionsprowl: sound fair?
(54:03 / All) Lil-Green-Bear: meh i dont care
(54:26 / Allies) Lil-Green-Bear: smash that and make my day
(54:27 / Allies) Lil-Green-Bear: l
(54:28 / Allies) Lil-Green-Bear: lol
(54:29 / Allies) stonelionsprowl: hes killing his shit
(54:32 / Allies) stonelionsprowl: I explained it to you
(54:38 / Allies) stonelionsprowl: hes killing it in a se
(54:39 / Allies) stonelionsprowl: c
(54:40 / Allies) stonelionsprowl: see
(54:45 / All) JaguarKing: well
(54:51 / All) JaguarKing: lol
(54:53 / All) Lil-Green-Bear: lol
(54:55 / All) stonelionsprowl: just my team?
(55:00 / All) stonelionsprowl: Bad luck
(55:01 / All) stonelionsprowl: you lose
(55:09 / All) JaguarKing: He cares deeply about his record, however
(55:19 / All) stonelionsprowl: My team doesn't get it either
(55:22 / All) Lil-Green-Bear: awww soooo deeep
(55:26 / All) stonelionsprowl: after I explained teal was pinging your expo, KILL THIS
(55:36 / All) stonelionsprowl: maybe deep to your retard monkey brain
(55:44 / All) Lil-Green-Bear: retarded*
(55:54 / All) Lil-Green-Bear: you retard
(56:05 / All) stonelionsprowl: I don't think that was wrong and English is my 4th language
(56:18 / All) stonelionsprowl: pedicabo ego vos et irrumabo
(56:28 / All) Lil-Green-Bear: you impressing yourself is sad
(56:32 / All) stonelionsprowl: Cinaede et pathice
(56:42 / All) JaguarKing: Covfefe
(56:44 / All) Lil-Green-Bear: whatever nerd
(57:07 / All) Lil-Green-Bear: das wetter ist ragnet, das ist nicht en typisch
(57:12 / All) stonelionsprowl: Nerds correct sentences in online video games
(57:23 / Allies) Lil-Green-Bear: ur a sad man
(57:33 / Allies) Lil-Green-Bear: why do you care what people think?
(57:40 / All) stonelionsprowl: what makes oyu think I do
(57:48 / Allies) Lil-Green-Bear: projecting it
(57:54 / All) stonelionsprowl: "projecting it" lol
(58:10 / Allies) Lil-Green-Bear: see
(58:15 / All) stonelionsprowl: deep
(58:24 / All) JaguarKing: My last gold count will clear 17k
(58:27 / All) JaguarKing: Not too bad at all
(58:27 / All) stonelionsprowl: Teal is going highschool psychology on me
(58:30 / All) stonelionsprowl: but he's using the word wrong
(59:09 / All) JaguarKing: He's speaking in the Nazi tongue, I can converse with him
(59:12 / All) JaguarKing: RAPEFUGEES WELCOME
(59:22 / All) Lil-Green-Bear: Clan AG!
(59:25 / All) Lil-Green-Bear: lol
(59:28 / All) stonelionsprowl: are you a nazi teal?
(59:41 / All) Lil-Green-Bear: are you a pussy pink?
(59:53 / All) JaguarKing: Teal's mom spreads for rapefugees, YUCK!
(59:58 / All) stonelionsprowl: Teal's projecting
(60:03 / All) stonelionsprowl: he's a pussy for rapefugees
(60:03 / All) Lil-Green-Bear: lol
(60:09 / All) el_sin_nombre_2: ping is a fuckung boy rat
(60:17 / All) Lil-Green-Bear: LOL
(60:26 / All) JaguarKing: I raped you all fair and square and earned this win
(60:26 / All) stonelionsprowl: that's a good one
(60:37 / All) stonelionsprowl: I'll have to screenshot it I liked that insult so much
(60:42 / All) stonelionsprowl: "ping is a fuckung boy rat"
(60:44 / All) stonelionsprowl: ace
(60:45 / All) JaguarKing: teal was no match for my prowess on the battlefield, they call me
(60:50 / All) JaguarKing: THE GREAT BAMBINO of BATTLE NET!
(60:59 / All) stonelionsprowl: anything to say for yourselves before I end it?
(61:09 / All) Lil-Green-Bear: im good
(61:14 / All) JaguarKing: He drew my ire, and I like the Romans against the hated city of Carthage
(61:22 / All) JaguarKing: salted his earth and put every man woman and child to the sword!
(61:29 / All) Lil-Green-Bear: ok ok
(61:40 / All) JaguarKing: Never again will he raise arms against my beloved people!
(61:42 / All) Lil-Green-Bear: led the elephants through the mountain pass
(61:46 / All) Lil-Green-Bear: i got ya
(62:04 / All) el_sin_nombre_2: fagot ping
(62:07 / All) stonelionsprowl: lol
(62:09 / All) JaguarKing: They also call me the SCIPIO TEALACANUS of BATTLE NET!
(62:10 / All) Lil-Green-Bear: lol
(62:24 / All) Lil-Green-Bear: JAG give me a dub bro
(62:29 / All) Lil-Green-Bear: you dont need it
(62:40 / All) JaguarKing: I do, I have aspirations of an icon someday
(62:45 / All) JaguarKing: My first one
(62:49 / Allies) Lil-Green-Bear: lol i dont either really
(62:57 / All) Lil-Green-Bear: lol i dont either really
(63:04 / All) Lil-Green-Bear: why the fuck am i here
(63:23 / All) stonelionsprowl: why are you here
(63:26 / All) stonelionsprowl: that's a good question
(63:35 / All) Lil-Green-Bear: becuase you showed some weakness
(63:39 / All) Lil-Green-Bear: and i feed off it
(63:55 / All) stonelionsprowl: edgy
(64:04 / All) Lil-Green-Bear: one liner